 Dungeon Crawl Stone Soup version 0.26.1-11-gd32895ea62 (webtiles) character file.

Game seed: 8321473796786204683

69934 bnorton916 the Devastator (level 14, -23/76 HPs)
             Began as a Deep Elf Conjurer on July 14, 2021.
             Was an Initiate of Gozag.
             Killed from afar by Jorgrun (50 damage)
             ... with an iron shot
             ... on level 1 of the Orcish Mines on July 15, 2021.
             The game lasted 01:44:12 (44786 turns).

bnorton916 the Devastator (Deep Elf Conjurer)      Turns: 44786, Time: 01:44:12

Health: -23/76     AC: 13    Str:  6    XL:     14   Next: 92%
Magic:  17/29      EV: 22    Int: 33    God:    Gozag
Gold:   2347       SH:  0    Dex: 13    Spells: 8/31 levels left

rFire    . . .     SeeInvis +   a - +2 short sword (venom)
rCold    + + +     Faith    .   (no shield)
rNeg     . . .     Spirit   .   r - +4 skin of Zhor {Englaciate rC+++ SInv}
rPois    +         Reflect  .   f - +1 helmet
rElec    .         Harm     .   Z - +0 cloak
rCorr    .         Rampage  .   d - +0 pair of gloves
Will     ++...                  s - +2 pair of boots
Stlth    +++++.....             x - amulet of the acrobat
HPRegen  0.22/turn              D - +6 ring of intelligence
MPRegen  0.21/turn              W - ring of Life {rPois Will+ EV+4}

@: no status effects
A: no striking features
a: Renounce Religion, Potion Petition, Call Merchant, Bribe Branch


You were on level 1 of the Orcish Mines.
You worshipped Gozag.
Gozag was most pleased with you.
You visited 4 branches of the dungeon, and saw 20 of its levels.

You collected 7029 gold pieces.
You spent 2565 gold pieces at shops.
You paid 2117 gold pieces to Gozag.

Inventory:

Hand Weapons
 a - a +2 short sword of venom (weapon)
 U - the +10 trident "Goblinslayer" {vorpal, rElec}
   (You found it on level 4 of the Lair of Beasts)

   It inflicts extra damage upon your enemies.
   It insulates you from electricity.
Missiles
 i - 9 curare-tipped darts
Armour
 d - a +0 pair of gloves (worn)
 f - a +1 helmet (worn)
 r - the +4 skin of Zhor (worn) {Englaciate rC+++ SInv}
   (You bought it in a shop on level 1 of the Lair of Beasts)

   It renders you almost immune to cold.
   It lets you see invisible.
 s - a +2 pair of boots (worn)
 O - a scarf of shadows
 Z - a +0 cloak (worn)
Magical Staves
 R - an uncursed staff of cold
 S - an uncursed staff of air
Jewellery
 c - an uncursed ring of willpower
 x - an amulet of the acrobat (around neck)
 B - an uncursed ring of wizardry
 D - a +6 ring of intelligence (left hand)
 L - an uncursed ring of protection from fire
 W - the ring of Life (right hand) {rPois Will+ EV+4}
   (You bought it in a shop on level 10 of the Dungeon)

   [ring of evasion]

   It affects your evasion (+4).
   It protects you from poison.
   It affects your willpower, your defense against some magical effects.
Wands
 p - a wand of paralysis (11)
 F - a wand of flame (26)
 I - a wand of random effects (54)
 J - a wand of digging (9)
 T - a wand of polymorph (20)
 V - a wand of iceblast (6)
Scrolls
 e - 10 scrolls of remove curse
 g - 3 scrolls of magic mapping
 k - 7 scrolls of fog
 l - 5 scrolls of teleportation
 n - a scroll of acquirement {unknown}
 t - 2 scrolls of enchant weapon
 v - 3 scrolls of blinking
 y - 3 scrolls of enchant armour
 K - a scroll of holy word
 N - a scroll of fear
 P - a scroll of summoning
 Y - 2 scrolls of silence
Potions
 b - 2 potions of might
 h - 2 potions of berserk rage
 j - 5 potions of flight
 m - 11 potions of curing {unknown}
 o - a potion of haste
 q - 2 potions of ambrosia
 u - 3 potions of magic
 w - 3 potions of heal wounds
 z - 4 potions of lignification
 C - a potion of invisibility
 E - a potion of cancellation
 G - 3 potions of resistance
 Q - 4 potions of brilliance


   Skills:
 - Level 4.4 Fighting
 - Level 10.8 Dodging
 - Level 11.7 Stealth
 - Level 9.2 Spellcasting
 + Level 16.9 Conjurations
 - Level 4.9 Hexes
 - Level 4.1 Translocations
 - Level 10.5 Ice Magic
 - Level 10.3 Air Magic
 - Level 3.8 Poison Magic


You had 8 spell levels left.
You knew the following spells:

 Your Spells              Type           Power        Failure   Level
a - Magic Dart            Conj           100%         0%          1
b - Searing Ray           Conj           100%         0%          2
c - Dazzling Flash        Conj/Hex       100%         1%          3
d - Fulminant Prism       Conj/Hex       36%          1%          4
e - Iskenderun's Mystic   Conj/Tloc      71%          1%          4
f - Mephitic Cloud        Conj/Pois/Air  71%          1%          3
g - Freezing Cloud        Conj/Ice/Air   39%          2%          6

Your spell library contained the following spells:

 Spells                   Type           Power        Failure   Level
 Sting                    Tmut/Pois      100%         1%          1
 Blink                    Tloc           N/A          1%          2
 Poisonous Vapours        Pois/Air       100%         1%          2
 Slow                     Hex            48%          1%          2
 Conjure Flame            Conj/Fire      63%          1%          3
 Beastly Appendage        Tmut           30%          3%          1
 Ice Form                 Ice/Tmut       49%          3%          4
 Call Imp                 Summ           15%          4%          2
 Wereblood                Tmut           15%          4%          2
 Spider Form              Tmut/Pois      14%          4%          3
 Ignite Poison            Fire/Tmut/Pois 23%          5%          3
 Olgreb's Toxic Radiance  Pois           40%          6%          4
 Blade Hands              Tmut           7%           65%         5


Dungeon Overview and Level Annotations

Branches:
Dungeon (11/15)            Temple (1/1) D:4            Lair (6/6) D:9
 Shoals (0/4) Lair:2       Spider (0/4) Lair:4        Slime (0/5) Lair:6
    Orc (2/2) D:9             Elf (0/3) Orc:2

Altars:
Ashenzari
Cheibriados
Dithmenos
Elyvilon
Fedhas
Gozag
Hepliaklqana
Kikubaaqudgha
Makhleb
Nemelex Xobeh
Okawaru
Qazlal
Ru
Sif Muna
Trog
Uskayaw
Vehumet
Wu Jian
Xom
Yredelemnul
Zin
The Shining One
Beogh
Jiyva

Shops:
D:9 ?   D:10 =   Orc:1 !   Orc:2 =*[(   Lair:1 [?

Annotations:
D:10 Gastronok
Lair:1 3 runed translucent doors, bnorton916's ghost, journeyman DECj
Orc:1 Jorgrun


Message History

(Press . to maintain the ray.) Jorgrun is engulfed in freezing vapours.
Jorgrun points at you and mumbles some strange words.
The wall shatters!
The blast of rock fragments hits you!!
The searing ray hits Jorgrun!
Jorgrun is severely wounded.
Jorgrun is engulfed in freezing vapours.
The searing ray hits Jorgrun!
Jorgrun is almost dead.
Jorgrun points at you and mumbles some strange words.
The wall shatters!
The blast of rock fragments hits you!!!
Ouch! That really hurt!
* * * LOW HITPOINT WARNING * * *
Unknown command.
You feel much better. Jorgrun gestures at you while chanting.
The iron shot hits you!!!
Ouch! That really hurt!
You die...
Your body crumbles into a pile of gold.

#..).. ### #..).)
##.######'###'
##..#...#...##.
##...'...#...##.
###....#...#...##.
##......#...#...##.
#...§##.'...#...##.
##@g§§#.#...'...##.
####$§§§#.##########'
####..).§$$§..#
#$$.$$$
##....).$#.##.##
#$.$.$.
##.....)[#######
#..$$g$ ##.#..#).).##
#######
.#...#.)^.[#.### #.
##
....#.....)....#...
#.
.........).........
##


You could see Jorgrun (very poisoned).

Vanquished Creatures
  Snorg (D:10)
  An ettin (Orc:2)
  Josephine (Lair:6)
  Fannar (D:10)
  6 hydras
  A catoblepas (Lair:6)
  2 two-headed ogres
  Erica (D:8)
  2 orc high priests (Orc:2)
  Nergalle (Orc:2)
  An unseen horror (D:11)
  5 orc knights
  5 orc sorcerers
  2 manticores (D:11)
  A cyclops (D:11)
  Joseph (D:7)
  16 elephants
  4 black mambas
  10 cane toads
  4 rime drakes
  11 komodo dragons
  2 trolls
  A queen bee (Lair:2)
  Prince Ribbit (D:7)
  10 blink frogs
  A polar bear (Lair:5)
  6 hornets
  Grinder (D:3)
  6 dream sheep
  A centaur simulacrum (D:11)
  A vampire (D:11)
  A redback (Lair:4)
  6 wraiths
  13 spriggans
  7 wyverns
  57 yaks
  Grum (D:8)
  6 basilisks
  Menkaure (D:7)
  A soldier ant (Lair:1)
  3 wargs
  17 water moccasins
  36 orc warriors
  A swamp drake (D:9)
  3 sky beasts
  6 black bears
  2 necrophages (D:11)
  An eye of draining (D:11)
  9 ogres
  4 centaurs
  41 wolves
  3 boggarts (Lair:6)
  2 phantoms
  15 bullfrogs
  A gnoll sergeant (D:10)
  A wyvern skeleton (D:8)
  2 scorpions
  38 killer bees
  3 wights (D:11)
  5 howler monkeys
  2 electric eels (Lair:1)
  2 bullfrog zombies
  5 jellies
  2 centaur zombies
  7 hounds
  20 orc priests
  22 orc wizards
  A centaur skeleton (D:4)
  2 bullfrog skeletons
  2 iguanas
  17 worker ants
  A hound zombie (D:7)
  A hound skeleton (D:4)
  A howler monkey zombie (D:8)
  10 gnolls
  18 adders
  5 shadow imps
  A white imp (D:7)
  An ooze (D:6)
  A worm (D:3)
  A dart slug (D:2)
  7 leopard geckos
  92 orcs
  4 giant cockroaches
  7 goblins
  12 hobgoblins
  8 jackals
  5 quokkas
  3 ball pythons
  10 bats
  7 frilled lizards
  A jackal skeleton (D:4)
  5 kobolds
  A quokka zombie (D:6)
  12 rats
  A spectral orc (D:5)
  3 bushes (Lair:6)
693 creatures vanquished.

Vanquished Creatures (collateral kills)
  Saint Roka (Orc:2)
1 creature vanquished.

Vanquished Creatures (others)
  A komodo dragon (D:9)
  A bush (Lair:6)
  94 fulminant prisms
  65 fungi
  173 plants
334 creatures vanquished.

Grand Total: 1028 creatures vanquished

Notes
Turn   | Place    | Note
-------+----------+-------------------------------------------
     0 | D:1      | bnorton916 the Deep Elf Conjurer began the quest for the
                  | Orb.
     0 | D:1      | Reached XP level 1. HP: 10/10 MP: 6/6
   283 | D:1      | Reached XP level 2. HP: 15/15 MP: 6/8
   967 | D:1      | Learned a level 2 spell: Searing Ray
  1003 | D:2      | Reached skill level 5 in Conjurations
  1097 | D:2      | Reached XP level 3. HP: 13/19 MP: 5/10
  1275 | D:2      | Found a hide-covered altar of Uskayaw.
  1457 | D:2      | Learned a level 3 spell: Dazzling Flash
  1816 | D:2      | You fall into a shaft and drop 2 floors!
  1825 | D:4      | Noticed an ogre
  1906 | D:4      | Killed an ogre
  1907 | D:4      | Reached skill level 5 in Spellcasting
  1907 | D:4      | Reached XP level 4. HP: 11/24 MP: 2/13
  1907 | D:4      | Reached XP level 5. HP: 12/28 MP: 2/15
  2107 | D:4      | Reached skill level 6 in Conjurations
  2414 | D:4      | Found a stormy altar of Qazlal.
  2998 | D:2      | Found a sacrificial altar of Ru.
  3385 | D:3      | Noticed Grinder
  3385 | D:3      | Paralysed by Grinder for 6 turns
  3416 | D:3      | Killed Grinder
  3417 | D:3      | Reached XP level 6. HP: 18/32 MP: 7/18
  3563 | D:3      | Reached skill level 7 in Conjurations
  3600 | D:3      | Found a shimmering blue altar of Sif Muna.
  3602 | D:3      | Found a broken altar of Ashenzari.
  3901 | D:3      | Reached XP level 7. HP: 36/36 MP: 11/20
  3927 | D:3      | Learned a level 4 spell: Fulminant Prism
  3932 | D:3      | Learned a level 4 spell: Iskenderun's Mystic Blast
  4384 | D:4      | Reached skill level 1 in Hexes
  4384 | D:4      | Reached skill level 1 in Translocations
  5242 | D:4      | Found a staircase to the Ecumenical Temple.
  5284 | Temple   | Entered the Ecumenical Temple
  5368 | Temple   | Became a worshipper of Gozag Ym Sagoz the Greedy
  5673 | D:4      | Reached XP level 8. HP: 27/41 MP: 15/22
  5934 | D:4      | Reached skill level 8 in Conjurations
  6059 | D:5      | Entered Level 5 of the Dungeon
  6389 | D:5      | Found a basalt altar of Yredelemnul.
  8015 | D:6      | Reached XP level 9. HP: 37/45 MP: 10/24
  8137 | D:6      | Reached skill level 5 in Stealth
  8340 | D:6      | Found a sparkling altar of Nemelex Xobeh.
  8341 | D:6      | Found a shimmering altar of Xom.
  8521 | D:6      | Found a sacrificial altar of Ru.
  8615 | D:6      | Found an ornate altar of the Wu Jian Council.
  8640 | D:7      | Reached skill level 5 in Dodging
  8650 | D:7      | Noticed Joseph
  8654 | D:7      | Noticed Menkaure
  9837 | D:7      | Killed Joseph
 10152 | D:7      | Killed Menkaure
 10369 | D:8      | Noticed Prince Ribbit
 10376 | D:7      | Killed Prince Ribbit
 10706 | D:8      | Noticed Erica
 10923 | D:8      | Noticed Grum
 10929 | D:8      | Killed Grum
 11216 | D:8      | Got a bloodstained ring mail
 11226 | D:8      | Reached XP level 10. HP: 50/50 MP: 20/25
 11337 | D:8      | Found a hazy altar of Hepliaklqana.
 11471 | D:8      | Killed Erica
 12147 | D:9      | Found Hugutav's Magic Scroll Boutique.
 12154 | D:9      | Bought a scroll of magic mapping for 42 gold pieces
 12154 | D:9      | Bought a scroll of fear for 42 gold pieces
 12154 | D:9      | Bought a scroll of fog for 24 gold pieces
 12154 | D:9      | Bought a scroll of identify for 24 gold pieces
 12154 | D:9      | Bought a scroll of identify for 24 gold pieces
 12154 | D:9      | Bought a scroll of identify for 24 gold pieces
 12156 | D:9      | Identified the cursed +1 ring mail of Larerph {rElec Will+}
                  | (You found it on level 8 of the Dungeon)
 12200 | D:9      | Found a staircase to the Orcish Mines.
 12213 | D:9      | Reached skill level 10 in Stealth
 12805 | D:9      | Found a white marble altar of Elyvilon.
 12892 | D:9      | Reached skill level 10 in Dodging
 13070 | D:9      | Found a viscous altar of Jiyva.
 13118 | D:9      | Found a blossoming altar of Fedhas.
 13493 | D:9      | You fall into a shaft and drop 1 floor!
 13493 | D:10     | Entered Level 10 of the Dungeon
 13533 | D:10     | Noticed a two-headed ogre
 13543 | D:10     | Killed a two-headed ogre
 13776 | D:10     | Found a shimmering altar of Xom.
 13822 | D:10     | Noticed Fannar
 13880 | D:10     | Reached skill level 1 in Fighting
 13886 | D:10     | Reached XP level 11. HP: 56/56 MP: 19/26
 13889 | D:10     | Reached skill level 9 in Conjurations
 13894 | D:10     | Noticed Gastronok
 14026 | D:10     | Killed Fannar
 14029 | D:10     | Noticed Snorg
 14056 | D:10     | You fall into a shaft and drop 1 floor!
 14654 | D:11     | Reached skill level 10 in Conjurations
 14911 | D:10     | Killed Snorg
 14922 | D:10     | Found an ornate altar of the Wu Jian Council.
 15280 | D:10     | Learned a level 3 spell: Mephitic Cloud
 15704 | D:11     | Reached skill level 1 in Air Magic
 15704 | D:11     | Reached skill level 1 in Poison Magic
 16164 | D:11     | Noticed a five-headed hydra
 16375 | D:10     | Learned a level 6 spell: Freezing Cloud
 16670 | D:10     | Bought the ring of Life {rPois Will+ EV+4} for 844 gold
                  | pieces
 16734 | D:11     | Reached skill level 1 in Ice Magic
 16740 | D:11     | Killed an unseen horror
 17639 | D:9      | Found a burning altar of Makhleb.
 17734 | D:9      | Reached XP level 12. HP: 67/67 MP: 16/27
 17998 | D:9      | Reached skill level 5 in Air Magic
 18499 | D:9      | Found a staircase to the Lair.
 18580 | Lair:1   | Entered Level 1 of the Lair of Beasts
 18639 | Lair:1   | Noticed a four-headed hydra
 18640 | Lair:1   | Found a dark tunnel.
 18661 | Lair:1   | Killed a four-headed hydra
 19178 | Lair:1   | Reached skill level 5 in Ice Magic
 19306 | Lair:1   | Noticed bnorton916's ghost (journeyman DECj)
 19485 | Lair:1   | Found a runed translucent gate.
 19485 | Lair:1   | Found a runed translucent gate.
 19497 | Lair:1   | Found a runed translucent gate.
 21833 | Lair:2   | Found a staircase to the Shoals.
 22465 | Lair:2   | Got a distressingly furry ring mail
 23331 | Lair:2   | Noticed a queen ant
 23886 | Lair:3   | Noticed an eight-headed hydra
 23921 | Lair:3   | Killed an eight-headed hydra
 25294 | Lair:3   | Reached XP level 13. HP: 70/72 MP: 19/28
 26577 | Lair:3   | Found the +8 whip "Snakebite" {curare, rPois}
 27636 | Lair:4   | Found a hole to the Spider Nest.
 28186 | Lair:4   | Reached skill level 10 in Ice Magic
 28697 | Lair:4   | Got an ichor-stained trident
 28774 | Lair:4   | Reached skill level 10 in Air Magic
 29734 | Lair:5   | You fall into a shaft and drop 1 floor!
 29734 | Lair:6   | Entered Level 6 of the Lair of Beasts
 29812 | Lair:5   | Identified the +10 trident "Goblinslayer" {vorpal, rElec}
                  | (You found it on level 4 of the Lair of Beasts)
 29826 | Lair:5   | Identified the cursed +0 ring mail "Viysk" {*Corrode Str+3
                  | Stlth+} (You found it on level 2 of the Lair of Beasts)
 31286 | Lair:4   | Reached skill level 11 in Conjurations
 31595 | Lair:1   | Bought a scroll of blinking for 112 gold pieces
 31595 | Lair:1   | Bought a scroll of identify for 30 gold pieces
 31595 | Lair:1   | Bought a scroll of identify for 30 gold pieces
 31595 | Lair:1   | Bought a scroll of identify for 30 gold pieces
 31808 | Lair:6   | Found a viscous altar of Jiyva.
 31809 | Lair:6   | Found a staircase to the Slime Pits.
 31814 | Lair:6   | Got a slimy mace
 31815 | Lair:6   | Identified the +2 mace "Tezone" {venom, +Rage} (You found
                  | it on level 6 of the Lair of Beasts)
 32183 | Lair:6   | Noticed Josephine
 32190 | Lair:6   | Killed Josephine
 32191 | Lair:6   | Reached skill level 12 in Conjurations
 34230 | Lair:6   | Reached skill level 13 in Conjurations
 34599 | Lair:6   | Reached XP level 14. HP: 76/76 MP: 17/29
 36114 | Lair:6   | Reached skill level 14 in Conjurations
 38996 | Lair:1   | Bought the +4 skin of Zhor {Englaciate rC+++ SInv} for 1130
                  | gold pieces
 38996 | Lair:1   | Found the +4 skin of Zhor {Englaciate rC+++ SInv}
 39117 | Orc:1    | Entered Level 1 of the Orcish Mines
 39138 | Orc:1    | Reached skill level 15 in Conjurations
 39587 | Orc:1    | Found Oryaguka's Distillery.
 39857 | Orc:1    | Bought a potion of heal wounds for 70 gold pieces
 40032 | Orc:2    | Entered Level 2 of the Orcish Mines
 41027 | Orc:2    | Noticed Saint Roka
 41033 | Orc:2    | Found a roughly hewn altar of Beogh.
 41033 | Orc:2    | Noticed Nergalle
 41039 | Orc:2    | Killed Nergalle
 41040 | Orc:2    | Reached skill level 16 in Conjurations
 41362 | Orc:2    | Found a staircase to the Elven Halls.
 41860 | Orc:2    | Killed Saint Roka
 42931 | Orc:2    | Found Weezugeo's Jewellery Boutique.
 43166 | Orc:2    | Found Tastrar's General Store.
 43224 | Orc:2    | Found Qon Ning's Antique Weapon Boutique.
 43462 | Orc:2    | Found Heuts's Antique Armour Boutique.
 43469 | Orc:2    | Bought a pair of gloves for 139 gold pieces
 44576 | Orc:1    | Noticed Jorgrun
 44786 | Orc:1    | Killed from afar by Jorgrun

Illustrated notes

Levels and vault maps discovered:
D:1:      dpeg_arrival_round_c, layout_basic
D:2:      layout_loops_corners, lemuel_coloured_pillars_altar,
          old_standard_altar
D:3:      minmay_inner_zag, layout_basic, nicolae_overflow_hidden_temple,
          minmay_diced_spiral, uniq_grinder
D:4:      layout_gridville, nicolae_qazlal_general_emergency,
          minmay_temple_entry_junction
D:5:      layout_loops_ring, yredelemnul_forgotten_temple_becter
D:6:      layout_cave_pools, pdpol_wu_jian_five_deadly_venoms,
          gammafunk_temple_overflow_wave, nicolae_ru_the_path_less_chosen
D:7:      layout_loops_cross, uniq_menkaure, uniq_joseph
D:8:      layout_rooms, kennysheep_little_box, minmay_circle_x,
          uniq_prince_ribbit1, uniq_grum, uniq_erica
D:9:      layout_rooms, marbit_many_paths, fedhas_ov_isle_minmay,
          elyvilon_altar_1, erik_lair_dragon, orc_0_dummy, serial_shops, shop,
          minmay_misc_feat_nine_boxes, jiyva_altar_1
D:10:     layout_layer_cave, basic_altar, xom_teletrap_fun, uniq_fannar,
          uniq_gastronok, uniq_snorg
D:11:     layout_cave_pods
Temple:   compressed_dpeg_triangle_lava_temple
Lair:1:   layout_hall_layers, enter_volcano_1, gammafunk_ghost_icy,
          serial_bayou_shore_a
Lair:2:   regret_index_tunnel_blossom, layout_chaotic_city,
          elwin_shoals_entry_rocks, wad_woods_antlair
Lair:3:   minmay_guarded_unrand_snakebite, layout_hall_layers,
          grunt_megastairs_4
Lair:4:   layout_roguey, spider_nest_entry_a
Lair:5:   layout_long_grid, grunt_megastairs_3
Lair:6:   minmay_lair_end_enchanted_forest, layout_gridlike, slime_altar_1,
          gauntlet_entry_generic, serial_forest, infiniplex_forest_straight_3,
          infiniplex_forest_clump_C, infiniplex_forest_end_3,
          infiniplex_forest_zigzag_1, infiniplex_forest_lined_2,
          infiniplex_forest_fountain, infiniplex_forest_clump_cross,
          infiniplex_staircase_pool, uniq_josephine
Orc:1:    cheibrodos_orc_bank, layout_caves, serial_shops, shop, uniq_jorgrun
Orc:2:    grunt_orc_cross, layout_diamond_mine

Skill      XL: |  1  2  3  4  5  6  7  8  9 10 11 12 13 14 |
---------------+-------------------------------------------+-----
Spellcasting   | 4 5 7 8 9 |  9.2
Conjurations   | 5 6 7 8 10 13 16 | 16.9
Hexes          | 3 4 |  4.9
Translocations | 2 4 |  4.1
Dodging        | 4 8 10 | 10.8
Stealth        | 4 9 11 | 11.7
Fighting       | 1 4 |  4.4
Air Magic      | 4 8 10 | 10.3
Poison Magic   | 3 |  3.8
Ice Magic      | 3 8 10 | 10.5

Action                   |  1- 3 |  4- 6 |  7- 9 | 10-12 | 13-15 || total
-------------------------+-------+-------+-------+-------+-------++-------
Melee: Short sword       |       |    31 |    28 |   159 |   352 ||   570
       Staff             |       |       |       |       |     1 ||     1
 Cast: Magic Dart        |    86 |    51 |   177 |   337 |   175 ||   826
       Searing Ray       |     1 |     3 |    34 |   109 |    39 ||   186
       Fulminant Prism   |       |       |    19 |    64 |    11 ||    94
       Iskenderun's Myst |       |       |     3 |    68 |    70 ||   141
       Freezing Cloud    |       |       |       |     1 |   166 ||   167
       Mephitic Cloud    |       |       |       |       |     1 ||     1
Invok: Call Merchant     |       |       |       |     2 |     1 ||     3
Evoke: Wand              |       |       |       |     2 |     4 ||     6
  Use: Scroll            |       |       |       |    24 |    15 ||    39
       Potion            |       |       |       |     1 |     5 ||     6
 Stab: Sleeping          |       |     1 |     1 |     1 |     1 ||     4
       Distracted        |       |       |       |     1 |     3 ||     4
Armor: Robe              |     3 |    16 |    18 |    58 |    73 ||   168
       Animal skin       |       |       |       |       |     8 ||     8
Dodge: Dodged            |    11 |    21 |    92 |   568 |   683 ||  1375
